 Dungeon Crawl Stone Soup version 0.27.1-33-g824d729ab1 (webtiles) character file.

Game seed: 10088393324754755335

1953 zygocactus the Cudgeller (level 8, 0/64 HPs)
             Began as a Demonspawn Wanderer on Dec 15, 2021.
             Was a Believer of Okawaru.
             Shot with an arrow by a centaur (7 damage)
             ... on level 6 of the Dungeon.
             The game lasted 00:27:14 (6516 turns).

zygocactus the Cudgeller (Demonspawn Wanderer)      Turns: 6516, Time: 00:27:15

Health: 0/64       AC: 13    Str: 15    XL:     8   Next: 99%
Magic:  8/8        EV: 16    Int: 14    God:    Okawaru [**....]
Gold:   166        SH:  4    Dex: 12    Spells: 5/7 levels left

rFire    . . .     SeeInvis .   l - +2 hand axe (freeze)
rCold    . . .     Faith    .   c - +0 buckler
rNeg     + . .     Spirit   .   g - +1 ring mail
rPois    .         Reflect  .   (no helmet)
rElec    .         Harm     .   (no cloak)
rCorr    .         Rampage  .   (no gloves)
Will     .....                  (boots unavailable)
Stlth    +.........             f - amulet of magic regeneration
HPRegen  0.20/turn              h - ring of positive energy
MPRegen  0.36/turn              (no ring)

@: mighty, agile, sanguine armoured
A: hooves 3, ignite blood 1, powered by pain 1, sanguine armour 1
a: Renounce Religion, Heroism


You were on level 6 of the Dungeon.
You worshipped Okawaru.
Okawaru was pleased with you.
You visited 1 branch of the dungeon, and saw 6 of its levels.

You collected 166 gold pieces.

Inventory:

Hand Weapons
 a - a +2 mace
 b - a +0 hand axe
 l - a +2 hand axe of freezing (weapon)
Armour
 c - a +0 buckler (worn)
 g - a +1 ring mail (worn)
Jewellery
 d - a +6 ring of dexterity
 f - an amulet of magic regeneration (around neck)
 h - a ring of positive energy (left hand)
Scrolls
 j - 2 scrolls of identify
 k - a scroll of teleportation
Potions
 e - a potion of brilliance


   Skills:
 + Level 5.9 Fighting
 + Level 0.2(4.3) Axes
 + Level 7.0 Maces & Flails
 + Level 1.0 Throwing
 + Level 5.8 Armour
 + Level 2.6 Dodging
 + Level 1.5 Stealth
 + Level 2.5 Shields
 + Level 0.3 Invocations
 + Level 1.5 Evocations


You had 5 spell levels left.
You knew the following spells:

 Your Spells              Type           Power      Damage    Failure   Level
a - Passwall              Tmut/Erth      0%         N/A       67%         2

Your spell library contained the following spells:

 Spells                   Type           Power      Damage    Failure   Level
 Sandblast                Erth           0%         2d4       54%         1
 Lee's Rapid Deconstruct  Erth           0%         3d5*      100%        5


Dungeon Overview and Level Annotations

Branches:
Dungeon (6/15)             Temple (0/1) D:5

Altars:
Ashenzari
Okawaru
Xom


Innate Abilities, Weirdness & Mutations

You have hooves in place of feet.
Your demonic aura sometimes causes spilled blood to erupt in flames.
You sometimes gain a little power by taking damage.
When seriously injured, your bleeding wounds create armour. (AC +6)


Message History

The red ugly thing is engulfed in blazing flames.
The red ugly thing engulfs you but does no damage.
You hit the red ugly thing but do no damage.
The red ugly thing is severely wounded.
You feel like a meek peon again.
The red ugly thing is engulfed in blazing flames.
The red ugly thing engulfs you!
You focus on the pain.
You feel very mighty all of a sudden.
You are engulfed in flames!
* * * LOW HITPOINT WARNING * * *
Okay, then.
You hit the red ugly thing. You freeze the red ugly thing.
You kick the red ugly thing!
The red ugly thing is almost dead.
The red ugly thing is engulfed in blazing flames.
The red ugly thing engulfs you but does no damage.
You closely miss the red ugly thing. You kick the red ugly thing.
You kill the red ugly thing!
Okawaru accepts your kill.
Your Maces & Flails skill increases to level 7!
Your Evocations skill increases to level 1!
A gnoll and a centaur come into view.
The centaur shouts!
The centaur wields a +0 shortbow.
The centaur shoots an arrow.
The arrow misses you.
A gnoll comes into view. It is wielding a +0 spear.
You see here an ugly thing corpse.
The centaur shoots an arrow.
The arrow hits you!
* * * LOW HITPOINT WARNING * * *
You focus on the pain.
You feel agile all of a sudden.
The centaur shoots an arrow.
The arrow misses you.
The centaur shoots an arrow.
The arrow completely misses you.
You hear a shout!
The centaur shoots an arrow.
You block the arrow.
The centaur shoots an arrow.
The arrow hits you but does no damage.
The centaur shoots an arrow.
The arrow hits you.
* * * LOW HITPOINT WARNING * * *
The centaur shoots an arrow.
The arrow hits you!
You die...

.... #######.# ...... .........
..g.... ......#.# ...gc..
#.########.# ....... #.#.. #.#
......## #.#..# #.#
......c######## #.#... #####..
#####'#........# #.#.#.##.).###
.......†######@# #.#.#..#.#.# #
........#......# #.#.##.#.#.###
........#......###.#.##...#....
........#......).....†....#####
........#.......)†..)###.## ###
.######.#............# #.# #..
#.#............# #.# #..
#.#............# #.. #>.
#.....######## ##. #..


You could see a centaur.

Vanquished Creatures
  An ugly thing (D:6)
  Grinder (D:4)
  2 ice beasts
  A sky beast (D:6)
  A necrophage (D:5)
  A black bear (D:2)
  A centaur (D:5)
  A phantom (D:5)
  2 bullfrogs (D:6)
  A scorpion (D:5)
  A water moccasin skeleton (D:4)
  2 howler monkeys
  A centaur zombie (D:6)
  A bullfrog zombie (D:5)
  An orc priest (D:4)
  3 iguanas
  3 orc wizards (D:5)
  Ijyb (D:5)
  2 howler monkey zombies
  8 adders
  2 worms
  5 dart slugs
  10 orcs
  4 ball pythons
  5 endoplasms
  4 giant cockroaches
  2 goblins
  4 hobgoblins
  5 kobolds
  2 quokkas (D:1)
  6 bats
  2 frilled lizards (D:1)
  3 rats
89 creatures vanquished.

Notes
Turn   | Place    | Note
-------+----------+-------------------------------------------
     0 | D:1      | zygocactus the Demonspawn Wanderer began the quest for the
                  | Orb.
     0 | D:1      | zygocactus set off with the following items: a +2 mace, a
                  | +0 hand axe, a +0 buckler, a +0 robe
     0 | D:1      | Reached XP level 1. HP: 19/19 MP: 1/1
   208 | D:1      | Reached skill level 3 in Maces & Flails
   211 | D:1      | Gained mutation: You have large cloven feet. [demonic
                  | ancestry]
   211 | D:1      | Reached XP level 2. HP: 17/25 MP: 2/2
   992 | D:2      | Noticed a black bear
  1004 | D:2      | Killed a black bear
  1005 | D:2      | Gained mutation: You sometimes gain a little power by
                  | taking damage. [demonic ancestry]
  1005 | D:2      | Reached XP level 3. HP: 22/31 MP: 3/3
  1005 | D:2      | Gained mutation: Your demonic aura sometimes causes spilled
                  | blood to erupt in flames. [demonic ancestry]
  1005 | D:2      | Reached XP level 4. HP: 27/38 MP: 4/4
  1175 | D:2      | Reached skill level 4 in Maces & Flails
  2138 | D:3      | Gained mutation: You have hoof-like feet. [demonic
                  | ancestry]
  2138 | D:3      | Reached XP level 5. HP: 43/43 MP: 5/5
  3038 | D:4      | Reached skill level 1 in Stealth
  3475 | D:4      | Reached XP level 6. HP: 38/49 MP: 6/6
  3600 | D:4      | Found an iron altar of Okawaru.
  3609 | D:4      | Became a worshipper of Warmaster Okawaru
  4313 | D:4      | Noticed Grinder
  4369 | D:4      | Paralysed by Grinder for 7 turns
  4382 | D:4      | Paralysed by Grinder for 5 turns
  4392 | D:4      | Paralysed by Grinder for 6 turns
  4738 | D:4      | Killed Grinder
  4738 | D:4      | Reached * piety under Okawaru
  4739 | D:4      | Reached skill level 5 in Fighting
  4739 | D:4      | Reached skill level 5 in Maces & Flails
  4739 | D:4      | Reached skill level 1 in Dodging
  4739 | D:4      | Gained mutation: When seriously injured, your bleeding
                  | wounds create armour. (AC +6) [demonic ancestry]
  4739 | D:4      | Reached XP level 7. HP: 12/56 MP: 7/7
  4997 | D:5      | Entered Level 5 of the Dungeon
  5050 | D:5      | Found a staircase to the Ecumenical Temple.
  5087 | D:5      | Found a broken altar of Ashenzari.
  5653 | D:5      | Found a shimmering altar of Xom.
  5666 | D:5      | Noticed Ijyb
  5683 | D:5      | Killed Ijyb
  5697 | D:5      | Gained mutation: You have hooves in place of feet. [demonic
                  | ancestry]
  5697 | D:5      | Reached XP level 8. HP: 51/62 MP: 8/8
  5773 | D:5      | Reached skill level 5 in Armour
  5794 | D:5      | Reached skill level 6 in Maces & Flails
  6080 | D:5      | Learned a level 2 spell: Passwall
  6314 | D:6      | Reached ** piety under Okawaru
  6491 | D:6      | Noticed a red ugly thing
  6507 | D:6      | Killed a red ugly thing
  6508 | D:6      | Reached skill level 7 in Maces & Flails
  6508 | D:6      | Reached skill level 1 in Evocations
  6516 | D:6      | Shot with an arrow by a centaur

Illustrated notes

Levels and vault maps discovered:
D:1:      co_arrival_square_in_a_square_in_a_square, layout_loops_cross
D:2:      layout_basic
D:3:      layout_basic
D:4:      layout_basic, kennysheep_okawaru_gauntlet, uniq_grinder
D:5:      layout_loops_cross, mainiacjoe_overflow_brackets,
          cheibrodos_ashenzari_chains, minmay_temple_entry_butterflies,
          serial_glass, glass_columns_b, glass_columns_a, grunt_ministairs_3,
          uniq_ijyb
D:6:      layout_basic, nicolae_gozag_cash_rules_everything_around_me,
          hangedman_decor_growths

Skill      XL: |  1  2  3  4  5  6  7  8 |
---------------+-------------------------+-----
Maces & Flails | 3 4 5 7 |  7.0
Armour         | 2 3 4 5 |  5.8
Stealth        | 1 |  1.5
Fighting       | 5 |  5.9
Dodging        | 1 2 |  2.6
Shields        | 2 |  2.5
Evocations     | 1 |  1.5
Axes           | |  0.2
Throwing       | |  1.0
Invocations    | |  0.3

Action                   |  1- 3 |  4- 6 |  7- 9 || total
-------------------------+-------+-------+-------++-------
Melee: Mace              |    53 |   142 |   139 ||   334
       Kick              |     9 |    33 |    41 ||    83
       Hand axe          |       |       |    13 ||    13
Invok: Heroism           |       |       |     2 ||     2
Evoke: Wand              |       |       |    14 ||    14
  Use: Potion            |     2 |     2 |       ||     4
       Scroll            |       |     7 |       ||     7
 Stab: Sleeping          |     1 |       |       ||     1
Armor: Ring mail         |    35 |    56 |    54 ||   145
Dodge: Dodged            |    32 |    51 |    74 ||   157
Block: Buckler           |    12 |    20 |    22 ||    54
